 Dungeon Crawl Stone Soup version 0.29.1-2-gbd0b4ee654 (webtiles) character file.

Game seed: 16163619444888517619

520 safid the Shooter (level 7, -1/64 HPs)
             Began as a Minotaur Hunter on Oct 25, 2022.
             Killed by nerve-wracking pain
             ... invoked by an orc priest
              (11 damage)
             ... on level 4 of the Dungeon.
             The game lasted 00:06:11 (3019 turns).

safid the Shooter (Minotaur Hunter)                 Turns: 3019, Time: 00:06:12

Health: -1/64      AC:  4    Str: 13 (15) XL:     7   Next: 1%
Magic:  6/6        EV: 12    Int:  5 (6)  God:
Gold:   247        SH:  0    Dex: 13 (16) Spells: 6/6 levels left

rFire   . . .      SeeInvis .   a - +0 shortbow
rCold   . . .      Faith    .   (shield currently unavailable)
rNeg    . . .      Spirit   .   c - +0 leather armour
rPois   .          Reflect  .   (helmet restricted)
rElec   .          Harm     .   (no cloak)
rCorr   .          Rampage  .   (no gloves)
Will    .....                   n - +0 pair of boots
Stlth   +.........              (no amulet)
HPRegen 0.20/turn               (no ring)
MPRegen 0.10/turn               (no ring)

@: no status effects
A: horns 2, retaliatory headbutt
a: no special abilities


You were on level 4 of the Dungeon.
You visited 1 branch of the dungeon, and saw 4 of its levels.

You collected 247 gold pieces.

Inventory:

Hand Weapons
 a - a +0 shortbow (weapon)
Armour
 c - a +0 leather armour (worn)
 n - a +0 pair of boots (worn)
Jewellery
 u - a +6 ring of intelligence
Scrolls
 b - a scroll of enchant armour {unknown}
 d - a scroll of torment {unknown}
 e - a scroll of identify {unknown}
 g - a scroll of poison
 h - a scroll of teleportation {unknown}
 j - a scroll of summoning {unknown}
 m - a scroll of fog {unknown}
 o - a scroll of vulnerability
 r - a scroll of enchant weapon {unknown}
 w - a scroll of silence {unknown}
 x - a scroll of blinking {unknown}
Potions
 f - 2 potions of resistance {unknown}
 i - 2 potions of curing
 p - a potion of ambrosia {unknown}
 q - a potion of flight {unknown}
 s - a potion of attraction {unknown}
 t - a potion of lignification {unknown}
 v - a potion of might {unknown}


   Skills:
 + Level 6.6 Fighting
 + Level 7.2 Ranged Weapons
 - Level 2.1 Dodging
 - Level 0.7 Stealth


You had 6 spell levels left.
You didn't know any spells.
Your spell library contained the following spells:

 Spells                   Type           Power      Damage    Failure   Level
 Necrotise                Necr           0%         1d4       56%         1
 Vampiric Draining        Necr           0%         2d6       90%         3
 Agony                    Necr           0%         N/A       100%        5


Dungeon Overview and Level Annotations

Branches:
Dungeon (4/15)
 Temple: D:4-7

Altars:
Elyvilon
Sif Muna


Innate Abilities, Weirdness & Mutations

You have a pair of horns on your head.
You reflexively headbutt those who attack you in melee.


Message History

The endoplasm closely misses you. The endoplasm freezes you.
You are frozen.
* * * LOW HITPOINT WARNING * * *
Fire: a) +0 shortbow
Press: ? - help, Q - select action Shift-Dir - straight line, f/p - endoplasm
Aim: an endoplasm (almost dead, 87% to hit)
You shoot an arrow. The arrow hits the endoplasm.
You kill the endoplasm!
Unknown command.
Fire: a) +0 shortbow
Press: ? - help, Q - select action Shift-Dir - straight line, f - you
Okay, then.
You start resting.
An orc priest is nearby!
Fire: a) +0 shortbow
Press: ? - help, Q - select action Shift-Dir - straight line, f - orc priest
Aim: an orc priest, wielding a +0 club and wearing a +0 ring mail (68% to hit)
You shoot an arrow.
The arrow closely misses the orc priest.
Unknown command.
You start resting.
An orc priest is nearby!
Fire: a) +0 shortbow
Press: ? - help, Q - select action Shift-Dir - straight line, f/p - orc priest
Aim: an orc priest, wielding a +0 club and wearing a +0 ring mail (68% to hit)
You shoot an arrow.
The arrow hits the orc priest but does no damage.
Unknown command.
You start resting.
An orc priest is nearby!
Fire: a) +0 shortbow
Press: ? - help, Q - select action Shift-Dir - straight line, f/p - orc priest
Aim: an orc priest, wielding a +0 club and wearing a +0 ring mail (68% to hit)
You shoot an arrow. The arrow hits the orc priest.
The orc priest is heavily wounded.
You feel your willpower return.
The orc priest mumbles some strange prayers to Beogh against you.
Pain shoots through your body!
You die...

.<..#....................##
.....###................##
...#...#...............##
.......#...............#
...###.................#
...# #.#.......).......#
...# .................#
...# #.#....o.)..÷...##
#....))..#@....##
#.#.....≈≈≈≈≈≈≈#
#....)##≈#####≈# #...#. #≈#
#≈# .... o. .≈# #≈# #..
J###.≈# #≈# .. .. #.≈# ≈. .
.. ..≈≈ ..? ..


You could see an orc priest.

Vanquished Creatures
  An orc warrior (D:4)
  A black bear (D:4)
  2 orc priests (D:4)
  2 iguanas (D:4)
  Natasha (thrice) (D:2)
  An orc wizard (D:4)
  3 adders
  3 worms
  A dart slug (D:4)
  11 orcs
  9 bats
  7 endoplasms
  A giant cockroach (D:1)
  5 hobgoblins
  8 jackals
  2 kobolds
  3 quokkas
  8 ball pythons
  3 frilled lizards (D:3)
  7 goblins
  5 rats
86 creatures vanquished.

Notes
Turn   | Place    | Note
-------+----------+-------------------------------------------
     0 | D:1      | safid the Minotaur Hunter began the quest for the Orb.
     0 | D:1      | Reached XP level 1. HP: 18/18 MP: 0/0
   126 | D:1      | Reached XP level 2. HP: 25/25 MP: 1/1
   679 | D:1      | Reached skill level 5 in Ranged Weapons
   679 | D:1      | Reached XP level 3. HP: 31/31 MP: 2/2
   794 | D:1      | Found a faded altar of an unknown god.
  1082 | D:2      | Noticed Natasha
  1086 | D:2      | Killed Natasha
  1115 | D:2      | Noticed Natasha
  1118 | D:2      | Killed Natasha
  1119 | D:2      | Reached XP level 4. HP: 40/40 MP: 3/3
  1276 | D:2      | Noticed Natasha
  1285 | D:2      | Killed Natasha
  1478 | D:3      | Found a shimmering blue altar of Sif Muna.
  1489 | D:3      | Reached XP level 5. HP: 47/47 MP: 4/4
  1639 | D:3      | Found a white marble altar of Elyvilon.
  1887 | D:3      | Reached skill level 6 in Ranged Weapons
  1890 | D:3      | Reached skill level 5 in Fighting
  2240 | D:4      | Noticed a black bear
  2251 | D:4      | Killed a black bear
  2421 | D:4      | Reached XP level 6. HP: 53/56 MP: 5/5
  2454 | D:4      | Noticed an orc warrior
  2466 | D:4      | Killed an orc warrior
  2468 | D:4      | HP: 2/57 [orc wizard/+0 dagger (3)]
  2646 | D:4      | Reached skill level 7 in Ranged Weapons
  3000 | D:4      | HP: 2/58 [orc priest/+0 mace (2)]
  3006 | D:4      | Reached XP level 7. HP: 7/64 MP: 6/6
  3007 | D:4      | HP: 3/64 [frozen (4)]
  3019 | D:4      | Killed from afar by an orc priest

Illustrated notes

Levels and vault maps discovered:
D:1:      minmay_arrival_checkered_box, layout_loops_ring,
          dreamdust_ecumenical_altar_hidden_monk_grotto, serial_aquarium,
          aquarium_bridge_square [aquarium_subvault_window,
          aquarium_subvault_window, aquarium_subvault_bridge,
          aquarium_subvault_bridge], aquarium_bridge_square
          [aquarium_subvault_window, aquarium_subvault_wall,
          aquarium_subvault_bridge, aquarium_subvault_bridge],
          aquarium_window_corner, aquarium_window_3, aquarium_window_corner,
          aquarium_window_corner, aquarium_view_2d
D:2:      layout_rooms, uniq_natasha
D:3:      layout_basic, nicolae_sif_muna_condensation, elyvilon_altar_5,
          serial_curves, eino_curves_03, eino_curves_02, eino_curves_04,
          minmay_misc_feat_tower
D:4:      layout_rooms, nicolae_overflow_two_pavilions,
          chequers_serial_rivers_room_a

Skill      XL: |  1  2  3  4  5  6 |
---------------+-------------------+-----
Fighting       | 3 4 5 6 |  6.6
Ranged Weapons | 5 6 7 |  7.2
Dodging        | |  2.1
Stealth        | |  0.7

Action                   |  1- 3 |  4- 6 |  7- 9 || total
-------------------------+-------+-------+-------++-------
 Fire: Shortbow          |    72 |   189 |    10 ||   271
  Use: Potion            |       |     7 |     1 ||     8
       Scroll            |       |     3 |       ||     3
Armor: Leather armour    |     3 |    33 |     1 ||    37
Dodge: Dodged            |    10 |    80 |     7 ||    97
